 Dungeon Crawl Stone Soup version 0.30-a0-142-g7370640ec8 (webtiles) character file.

Game seed: 5414518909679644131

83 oneeeeegina the Grave Robber (level 4, -10/31 HPs)
             Began as a Mummy Necromancer on Sept 26, 2022.
             Was an Initiate of Cheibriados.
             Killed by divine providence
             ... invoked by an orc priest
              (15 damage)
             ... on level 3 of the Dungeon.
             The game lasted 00:32:04 (3842 turns).

oneeeeegina the Grave Robber (Mummy Necromancer)    Turns: 3842, Time: 00:32:04

Health: -10/31     AC:  3    Str: 12    XL:     4   Next: 22%
Magic:  1/8        EV: 11    Int: 17    God:    Cheibriados [......]
Gold:   118        SH:  0    Dex: 13    Spells: 5/9 levels left

rFire   x . .      SeeInvis .    h - +0 short sword
rCold   + . .      Faith    +    (no shield)
rNeg    + + +      Spirit   .    f - +0 leather armour
rPois   ∞          Reflect  .    (no helmet)
rElec   .          Harm     .    (no cloak)
rCorr   .          Rampage  .    (no gloves)
Will    .....                    (no boots)
Stlth   ++........               (no amulet)
HPRegen 0.10/turn                (no ring)
MPRegen 0.11/turn                (no ring)

@: very slow
A: cold resistance 1, negative energy resistance 3, torment resistance 2, heat
vulnerability 1, in touch with death 1, no potions, faith
a: Renounce Religion


You were on level 3 of the Dungeon.
You worshipped Cheibriados.
Cheibriados was noncommittal.
You visited 1 branch of the dungeon, and saw 3 of its levels.

You collected 118 gold pieces.

Inventory:

Hand Weapons
 h - a +0 short sword (weapon)
 q - a +0 mace
Missiles
 c - 36 stones
 i - 6 poisoned darts
Armour
 f - a +0 leather armour (worn)
Scrolls
 a - a scroll of teleportation
 b - 3 scrolls of identify
 d - a scroll of silence {unknown}
 g - 2 scrolls of magic mapping
 m - a scroll of summoning {unknown}
 n - a scroll of fog {unknown}
 p - a scroll of vulnerability {unknown}
Potions
 e - 2 potions of degeneration {unknown}
 j - a potion of lignification {unknown}
 k - a potion of cancellation {unknown}
 l - a potion of curing {unknown}
 o - a potion of mutation {unknown}
 r - a potion of heal wounds {unknown}


   Skills:
 + Level 0.4 Fighting
 + Level 0.7 Short Blades
 + Level 0.7 Armour
 + Level 2.0 Dodging
 + Level 2.0 Stealth
 + Level 3.2 Spellcasting
 + Level 4.6 Necromancy


You had 5 spell levels left.
You knew the following spells:

 Your Spells              Type           Power      Damage    Failure   Level
a - Necrotise             Necr           100%       1d9       3%          1
b - Vampiric Draining     Necr           27%        2d7       10%         3

Your spell library contained the following spells:

 Spells                   Type           Power      Damage    Failure   Level
 Animate Dead             Necr           27%        N/A       32%         4
 Ignite Poison            Fire/Tmut/Pois 2%         N/A       54%         3
 Ozocubu's Armour         Ice            2%         N/A       54%         3
 Agony                    Necr           27%        N/A       65%         5
 Manifold Assault         Tloc           2%         N/A       91%         4
 Passage of Golubria      Tloc           2%         N/A       91%         4
 Sticky Flame             Conj/Fire      2%         2d3       91%         4


Dungeon Overview and Level Annotations

Branches:
Dungeon (3/15)

Altars:
Cheibriados


Innate Abilities, Weirdness & Mutations

You are immune to poison.
Your flesh is cold resistant. (rC+)
You are immune to negative energy. (rN+++)
You are immune to unholy pain and torment.
You are vulnerable to heat. (rF-)
You are in touch with the powers of death.
You do not drink.
You have a special connection with the divine. (Faith)


Message History

You hit the orc priest but do no damage.
The orc priest is moderately wounded.
Something hits you. The orc priest misses you.
The orc priest hits your orc skeleton with a +0 club.
Your orc skeleton hits the orc priest but does no damage.
You hit the orc priest.
The orc priest is heavily wounded.
Something hits you.
The orc priest casts a cantrip, but nothing happens.
The orc priest hits your orc skeleton with a +0 club.
Your orc skeleton is destroyed!
Aiming: Necrotise (safe; 3% risk of failure)
Press: ? - help, Q - select action, (/) - cycle Shift-Dir - straight line, f/p - orc priest
Aim: an orc priest, wielding a +0 dagger (heavily wounded, chance to affect: 83%)
You feel a surge of power!
The orc priest barely resists.
The orc priest hits you with a +0 dagger.
Something completely misses you. Something hits you but does no damage.
Aiming: Necrotise (safe; 3% risk of failure)
Press: ? - help, Q - select action, (/) - cycle Shift-Dir - straight line, f/p - orc priest
Aim: an orc priest, wielding a +0 dagger (heavily wounded, chance to affect: 83%)
You feel a surge of power!
The orc priest writhes in agony.
Something hits you but does no damage.
The orc priest hits you but does no damage.
Aiming: Necrotise (safe; 3% risk of failure)
Press: ? - help, Q - select action, (/) - cycle Shift-Dir - straight line, f/p - orc priest
Aim: an orc priest, wielding a +0 dagger (heavily wounded, chance to affect: 83%)
You feel a surge of power!
The orc priest writhes in agony.
Something hits you.
* * * LOW HITPOINT WARNING * * *
The orc priest misses you.
The orc priest attacks as you move away!
The orc priest hits you but does no damage.
Something barely misses you.
A magic dart appears from out of thin air!
The magic dart hits you.
* * * LOW HITPOINT WARNING * * *
The orc priest invokes the aid of Beogh against you.
Beogh smites you!
You die...

#.# +.......#.#
##.#######.......#.#
...................#
##.#################
#.# #.. #.#
#.#######
#.#########.#.o{..#
#..÷........#)#.###
###.........#o#@#
####.........#.#.#
...............#.#
.......#####.#.#.#
.......# #o###+#
.......# #..o:..o..#
######## #..........
#........##
#........#


You could see an orc priest.

Vanquished Creatures
  2 adders
  A worm (D:3)
  3 dart slugs
  3 orcs (D:3)
  2 endoplasms
  6 goblins (D:1)
  5 hobgoblins
  2 quokkas
  8 ball pythons
  7 bats
  3 frilled lizards (D:1)
  6 kobolds
  3 rats
51 creatures vanquished.

Vanquished Creatures (collateral kills)
  A goblin (D:2)
  A rat (D:1)
2 creatures vanquished.

Grand Total: 53 creatures vanquished

Notes
Turn   | Place    | Note
-------+----------+-------------------------------------------
     0 | D:1      | oneeeeegina the Mummy Necromancer began the quest for the
                  | Orb.
     0 | D:1      | Reached XP level 1. HP: 13/13 MP: 4/4
   630 | D:1      | Reached XP level 2. HP: 4/19 MP: 5/5
  2229 | D:1      | Gained mutation: You are in touch with the powers of death.
                  | [Mummy growth]
  2229 | D:1      | Reached XP level 3. HP: 7/24 MP: 7/7
  2535 | D:1      | Learned a level 3 spell: Vampiric Draining
  2618 | D:2      | Got the Papyrus of Congealing Coordinates
  3072 | D:2      | Found a snail-covered altar of Cheibriados.
  3125 | D:2      | Became a worshipper of Cheibriados the Contemplative
  3315 | D:3      | Reached XP level 4. HP: 12/31 MP: 5/8
  3842 | D:3      | Killed from afar by an orc priest

Illustrated notes

Levels and vault maps discovered:
D:1:      kilobyte_arrival_exit_the_forest, layout_rooms,
          dreamdust_princess_bridge, minmay_misc_feat_rugged
D:2:      layout_rooms, basic_altar, dk_noncrumbling_4
D:3:      layout_basic, makhleb_altar_promises_db

Skill      XL: |  1  2  3 |
---------------+----------+-----
Spellcasting   | 3 |  3.2
Dodging        | 2 |  2.0
Stealth        | 2 |  2.0
Fighting       | |  0.4
Short Blades   | |  0.7
Armour         | |  0.7
Necromancy     | |  4.6

Action                   |  1- 3 |  4- 6 || total
-------------------------+-------+-------++-------
Melee: Club              |    16 |       ||    16
       Dagger            |    15 |       ||    15
       Punch             |     2 |       ||     2
       Short sword       |   121 |    21 ||   142
 Cast: Necrotise         |    21 |    10 ||    31
       Vampiric Draining |     1 |       ||     1
  Use: Scroll            |     2 |       ||     2
 Stab: Sleeping          |     1 |     1 ||     2
Armor: Robe              |     4 |       ||     4
       Leather armour    |    33 |     7 ||    40
Dodge: Dodged            |    93 |    17 ||   110

Table legend: (Time is in decaauts)
 A = Elapsed time spent in this place.
 B = Non-inter-level travel time spent in this place.
 C = Inter-level travel time spent in this place.
 D = Time resting spent in this place.
 E = Time spent auto-exploring this place.
 F = Levels seen in this place.
 G = Mean time per level.
                   A        B        C        D        E       F      G
               +--------+--------+--------+--------+--------+-----+--------+
         Total |   3928 |   3928 |      0 |   1868 |    370 |   3 | 1309.3 |
       Dungeon |   3928 |   3928 |      0 |   1868 |    370 |   3 | 1309.3 |
               +--------+--------+--------+--------+--------+-----+--------+

Top non-repeatable levels by time:
     D:1: 2565 daAuts
     D:2: 776 daAuts
     D:3: 585 daAuts
